 Dungeon Crawl Stone Soup version 0.27.1 (webtiles) character file.

Game seed: 11515285525558372641

78 speeev33 the Chopper (level 4, -5/40 HPs)
             Began as a Hill Orc Fighter on Sept 4, 2021.
             Succumbed to a gnoll's poison
             ... on level 2 of the Dungeon.
             The game lasted 00:02:00 (1349 turns).

speeev33 the Chopper (Hill Orc Fighter)             Turns: 1349, Time: 00:02:00

Health: -5/40      AC:  8    Str: 19    XL:     4   Next: 36%
Magic:  4/4        EV:  7    Int:  8    God:
Gold:   55         SH:  9    Dex: 10    Spells: 3/3 levels left

rFire    . . .     SeeInvis .   a - +1 war axe
rCold    . . .     Faith    .   c - +0 kite shield
rNeg     . . .     Spirit   .   b - +0 scale mail
rPois    .         Reflect  .   (no helmet)
rElec    .         Harm     .   (no cloak)
rCorr    .         Rampage  .   (no gloves)
Will     .....                  f - +0 pair of boots
Stlth    ..........             (no amulet)
HPRegen  0.13/turn              (no ring)
MPRegen  0.09/turn              (no ring)

@: lethally poisoned (-5 -> -31)
A: no striking features
a: no special abilities


You were on level 2 of the Dungeon.
You visited 1 branch of the dungeon, and saw 2 of its levels.

You collected 55 gold pieces.

Inventory:

Hand Weapons
 a - a +1 war axe (weapon)
Armour
 b - a +0 scale mail (worn)
 c - a +0 kite shield (worn)
 f - a +0 pair of boots (worn)
 g - a +2 ring mail of positive energy
Potions
 d - a potion of might
 e - 2 potions of heal wounds


   Skills:
 + Level 4.0 Fighting
 + Level 4.5 Axes
 - Level 3.2 Armour
 + Level 0.7 Dodging
 + Level 0.2 Stealth
 + Level 4.0 Shields


You had 3 spell levels left.
You didn't know any spells.
Your spell library contained the following spells:

 Spells                   Type           Power      Damage    Failure   Level
 Freeze                   Ice            0%         1d3       99%         1
 Frozen Ramparts          Ice            0%         1d2       100%        3
 Hailstorm                Conj/Ice       0%         3d3       100%        4
 Summon Ice Beast         Ice/Summ       0%         N/A       100%        4
 Summon Mana Viper        Hex/Summ       0%         N/A       100%        5
 Monstrous Menagerie      Summ           0%         N/A       100%        7


Dungeon Overview and Level Annotations

Branches:
Dungeon (2/15)

Altars:
Sif Muna

Shops:
D:1 !


Message History

The gnoll shouts!
The kobold hits you but does no damage. You block the kobold's attack.
You slash the kobold!
You kill the kobold!
A hobgoblin comes into view.
The hobgoblin shouts!
You hear a shout!
Things that are here:
a +0 club; a +0 hunting sling; 18 stones The gnoll hits you with a +1 spear of venom.
You are poisoned.
You slash the gnoll!
The gnoll is heavily wounded.
You feel very sick. You block the gnoll's attack.
You hit the gnoll.
The gnoll is severely wounded.
You feel sick. The gnoll hits you but does no damage.
You are more poisoned.
The gnoll hits you but does no damage.
You are more poisoned.
You hit the gnoll.
The gnoll is severely wounded.
You slash the hobgoblin!
You kill the hobgoblin!
You feel very sick.
The gnoll hits you with a +1 spear of venom.
You are more poisoned.
You closely miss the gnoll.
The gnoll is severely wounded.
You feel extremely sick.
The gnoll hits you with a +1 spear of venom.
You are more poisoned.
The gnoll hits you with a +1 spear of venom.
You are more poisoned.
You hit the gnoll.
You kill the gnoll!
* * * LOW HITPOINT WARNING * * *
You feel extremely sick.
Your Shields skill increases to level 4!
You die...

* *,,,,,,,,***,,,,,###....#####.
*,,,,,....,....,..............
*,,,,,....##...*#########...##
*,,,,,........#* ###...
*,,,,,........# ###.
*,,,,,........# ##
*********........# ##### ########
*,,,*****........###...# #.......
,,,,,*,,,,#.....@?##...# #.......
,,,,,,,,,,#.......##...###.......
,,,,,,,**#........)..............
,,,,,,>,,.........)#...###.......
,,,,,****##......#.....# #.......
,,,,,** ######.......# #.......
,,,,,,* #.##....# ########
,,,,,,*********#.###...######## #
,,,,,,**,,,,,,,..* #..........###


There were no monsters in sight!

Vanquished Creatures
  Terence (D:2)
  A gnoll (D:2)
  A ball python (D:1)
  2 endoplasms (D:1)
  A giant cockroach (D:1)
  6 goblins
  5 hobgoblins
  4 jackals (D:1)
  A quokka (D:2)
  7 bats
  4 kobolds
  6 rats
39 creatures vanquished.

Notes
Turn   | Place    | Note
-------+----------+-------------------------------------------
     0 | D:1      | speeev33 the Hill Orc Fighter began the quest for the Orb.
     0 | D:1      | Reached XP level 1. HP: 19/19 MP: 1/1
   143 | D:1      | Reached XP level 2. HP: 23/27 MP: 2/2
   629 | D:1      | Reached XP level 3. HP: 33/33 MP: 3/3
   697 | D:1      | Found Plog's Distillery.
  1080 | D:2      | Found a shimmering blue altar of Sif Muna.
  1251 | D:2      | Noticed Terence
  1258 | D:2      | Killed Terence
  1259 | D:2      | Reached XP level 4. HP: 34/40 MP: 4/4
  1348 | D:2      | HP: 1/40 [poisoned by a gnoll]
  1349 | D:2      | Succumbed to a gnoll's poison

Illustrated notes

Levels and vault maps discovered:
D:1:      dpeg_arrival_rooms_with_view, layout_basic, serial_shops, shop,
          minmay_quantized
D:2:      layout_rooms, basic_altar, uniq_terence

Skill      XL: |  1  2  3  4 |
---------------+-------------+-----
Axes           | 3 4 |  4.5
Fighting       | 4 |  4.0
Shields        | 4 |  4.0
Armour         | |  3.2
Dodging        | |  0.7
Stealth        | |  0.2

Action                   |  1- 3 |  4- 6 || total
-------------------------+-------+-------++-------
Melee: War axe           |    73 |    10 ||    83
  Use: Scroll            |     7 |       ||     7
Armor: Scale mail        |    40 |     7 ||    47
Dodge: Dodged            |    21 |     1 ||    22
Block: Kite shield       |    45 |     7 ||    52
